 Dungeon Crawl Stone Soup version 0.30-a0-219-gf2db51d15e (webtiles) character file.

Game seed: 9139554894566996738

116 Gargoyl the Trooper (level 5, -1/33 HPs)
             Began as a Gargoyle Berserker on Oct 6, 2022.
             Was a Believer of Trog.
             Killed by divine providence
             ... invoked by an orc priest
              (12 damage)
             ... on level 3 of the Dungeon.
             The game lasted 00:04:12 (1787 turns).

Gargoyl the Trooper (Gargoyle Berserker)            Turns: 1787, Time: 00:04:12

Health: -1/33      AC: 10    Str: 20    XL:     5   Next: 0%
Magic:  5/5        EV: 12    Int:  8    God:    Trog [**....]
Gold:   64         SH:  0    Dex: 11    Spells: 4/4 levels left

rFire   . . .      SeeInvis .    h - +2 quarterstaff (chaos)
rCold   . . .      Faith    .    (shield currently unavailable)
rNeg    + . .      Spirit   .    b - +0 animal skin
rPois   ∞          Reflect  .    (helmet restricted)
rElec   +          Harm     .    j - +1 cloak
rCorr   .          Rampage  .    (no gloves)
Will    ++...                    (no boots)
Stlth   +.........               (no amulet)
HPRegen 1.25/turn                (no ring)
MPRegen 0.09/turn                (no ring)

@: strong-willed, flying, regenerating
A: sickness immunity, AC +4, negative energy resistance 1, electricity
resistance, torment resistance 1, petrification resistance, horns 1, iridescent
scales 1, subdued magic 1
a: Renounce Religion, Berserk, Trog's Hand


You were on level 3 of the Dungeon.
You worshipped Trog.
Trog was pleased with you.
You visited 1 branch of the dungeon, and saw 3 of its levels.

You collected 64 gold pieces.

Inventory:

Hand Weapons
 a - a +0 hand axe
 h - a +2 quarterstaff of chaos (weapon)
Missiles
 d - 6 poisoned darts (quivered)
Armour
 b - a +0 animal skin (worn)
 f - a +0 helmet
 j - a +1 cloak (worn)
Potions
 c - a potion of mutation
 g - a potion of heal wounds {unknown}
 i - 2 potions of lignification {unknown}


   Skills:
 + Level 4.1 Fighting
 + Level 3.9 Axes
 + Level 2.5 Armour
 + Level 2.2 Dodging
 + Level 1.0 Stealth


You had 4 spell levels left.
You didn't know any spells.
Your spell library was empty.

Dungeon Overview and Level Annotations

Branches:
Dungeon (3/15)

Altars:


Innate Abilities, Weirdness & Mutations

You are immune to sickness and miasma.
Your stone body is resilient. (AC +4)
You are immune to poison.
You resist negative energy. (rN+)
You are resistant to electric shocks. (rElec)
You are resistant to unholy torment.
You are immune to petrification.
You have a pair of small horns on your head.
You are partially covered in iridescent scales. (AC +2)
Your spells are a little easier to cast, but a little less powerful.


Message History

Your Stealth skill increases to level 1!
You hit the orc.
The orc is lightly wounded.
The orc hits you but does no damage.
You hit the orc. You freeze the orc.
The orc is severely wounded.
The orc priest miscasts a cantrip.
The orc hits you with a +0 dagger. The orc barely misses you.
You hit the orc.
You kill the orc!
Trog accepts your kill.
The orc priest looks encouraged for a moment.
You have reached level 5!
You closely miss something. Something hits you but does no damage.
You closely miss something. Something hits you but does no damage.
The orc priest invokes the aid of Beogh against you.
Beogh smites you!
Unknown command.
You closely miss something. Your headbutt misses something.
You feel the effects of Trog's Hand fading.
Something hits you.
The orc priest mumbles some strange prayers to Beogh against you.
Beogh smites you! Something hits you.
You closely miss something. Your headbutt misses something.
Something hits you but does no damage.
You closely miss something. Something hits you but does no damage.
You miss something. Your headbutt misses something.
Something completely misses you. Something hits you but does no damage.
You sock something!
Your skin stops crawling.
You feel less strong-willed. Something hits you but does no damage.
Something hits you.
Your skin crawls.
You feel strong-willed. Something hits you.
It was a potion of flight.
You feel very buoyant.
You fly up into the air.
Something hits you.
The orc priest mumbles some strange prayers to Beogh against you.
Beogh smites you!
You die...

#.######### #.#........
#.#.####### #.#.######.
#.#........ #.#########
##############..<.......
....oo)@..!.)....#######
##################


You could see an orc priest and an orc.

Vanquished Creatures
  An orc priest (D:3)
  Crazy Yiuf (D:2)
  A worm (D:2)
  A dart slug (D:1)
  An orc (D:3)
  4 endoplasms
  3 giant cockroaches
  2 goblins (D:2)
  3 hobgoblins
  A jackal (D:2)
  5 kobolds
  2 quokkas
  5 ball pythons
  9 bats
  10 frilled lizards
  7 rats
56 creatures vanquished.

Vanquished Creatures (others)
  2 plants (D:2)
2 creatures vanquished.

Grand Total: 58 creatures vanquished

Notes
Turn   | Place    | Note
-------+----------+-------------------------------------------
     0 | D:1      | Gargoyl the Gargoyle Berserker began the quest for the Orb.
     0 | D:1      | Reached XP level 1. HP: 14/14 MP: 1/1
    69 | D:1      | Reached XP level 2. HP: 19/19 MP: 2/2
   332 | D:1      | Reached ** piety under Trog
   412 | D:1      | Reached XP level 3. HP: 24/24 MP: 3/3
   473 | D:1      | You fall into a shaft and drop 1 floor!
   890 | D:2      | Gained mutation: You are partially covered in iridescent
                  | scales. (AC +2) [potion of mutation]
   890 | D:2      | Gained mutation: Your spells are a little easier to cast,
                  | but a little less powerful. [potion of mutation]
   890 | D:2      | Gained mutation: You have a pair of small horns on your
                  | head. [potion of mutation]
  1089 | D:2      | Found a faded altar of an unknown god.
  1212 | D:2      | Found a runed translucent door.
  1213 | D:2      | Noticed Crazy Yiuf
  1389 | D:2      | Killed Crazy Yiuf
  1390 | D:2      | Reached skill level 4 in Fighting
  1390 | D:2      | Reached XP level 4. HP: 14/29 MP: 4/4
  1776 | D:3      | Reached skill level 1 in Stealth
  1779 | D:3      | Reached XP level 5. HP: 33/33 MP: 5/5
  1787 | D:3      | Killed from afar by an orc priest

Illustrated notes

Levels and vault maps discovered:
D:1:      tarquinn_simple_flora_water_f, layout_basic, serial_forest,
          infiniplex_forest_lined_3, infiniplex_forest_lined_3,
          infiniplex_forest_fountain, infiniplex_forest_clump_small,
          infiniplex_forest_lined_4_way, minmay_misc_feat_x, minmay_lizard_pond
D:2:      cheibrodos_old_hovel, layout_loops_cross,
          shapermc_ecumenical_altar_petra, dreamdust_princess_bridge,
          chequers_serial_rivers_micro_a, uniq_crazy_yiuf_cottage
D:3:      layout_basic, uniq_terence, uniq_robin, uniq_ijyb, uniq_grinder

Skill      XL: |  1  2  3  4 |
---------------+-------------+-----
Axes           | 3 |  3.9
Fighting       | 4 |  4.1
Dodging        | 2 |  2.2
Stealth        | 1 |  1.0
Armour         | |  2.5

Action                   |  1- 3 |  4- 6 || total
-------------------------+-------+-------++-------
Melee: Hand axe          |   148 |       ||   148
       Headbutt          |     3 |     3 ||     6
       Punch             |     1 |       ||     1
       Quarterstaff      |       |    19 ||    19
Invok: Berserk           |     2 |       ||     2
       Trog's Hand       |     1 |     2 ||     3
  Use: Scroll            |     2 |       ||     2
       Potion            |     1 |     1 ||     2
 Stab: Paralysed         |       |     4 ||     4
Armor: Animal skin       |    62 |     9 ||    71
Dodge: Dodged            |   106 |     5 ||   111

Table legend: (Time is in decaauts)
 A = Elapsed time spent in this place.
 B = Non-inter-level travel time spent in this place.
 C = Inter-level travel time spent in this place.
 D = Time resting spent in this place.
 E = Time spent auto-exploring this place.
 F = Levels seen in this place.
 G = Mean time per level.
                   A        B        C        D        E       F      G
               +--------+--------+--------+--------+--------+-----+--------+
         Total |   1823 |   1747 |     76 |      0 |   1191 |   3 |  607.7 |
       Dungeon |   1823 |   1747 |     76 |      0 |   1191 |   3 |  607.7 |
               +--------+--------+--------+--------+--------+-----+--------+

Top non-repeatable levels by time:
     D:2: 973 daAuts
     D:1: 741 daAuts
     D:3: 108 daAuts
